 Dungeon Crawl Stone Soup version 0.20.1-1-g8b1a95d (webtiles) character file.

18984 Timinator the Martial Artist (level 12, -2/94 HPs)
             Began as a Vampire Monk on Sept 1, 2017.
             Was an Elder of Makhleb.
             Slain by a thorn hunter (10 damage)
             ... on level 1 of the Swamp on Sept 2, 2017.
             The game lasted 03:23:00 (9291 turns).

Timinator the Martial Artist (Vampire Monk)         Turns: 9291, Time: 03:23:01

Health: -2/94      AC: 12    Str: 17    XL:     12   Next: 32%
Magic:  0/16       EV: 19    Int: 14    God:    Makhleb [****..]
Gold:   411        SH:  0    Dex: 20    Spells: 11/11 levels left

rFire    . . .     SeeInvis +     - Unarmed
rCold    . . .     Gourm    .   (no shield)
rNeg     . . .     Faith    .   g - +1 ring mail {MR+}
rPois    .         Spirit   +   D - +2 helmet
rElec    .         Reflect  .   (no cloak)
rCorr    .         Harm     .   E - +0 pair of gloves of the Thirteen Coins {+Fly Str+7}
MR       +++..                  (no boots)
Stlth    +.........             x - amulet of guardian spirit
Regen    0.5/turn               A - +4 ring of slaying
MPRegen  0.2/turn               C - ring of protection from magic

@: regenerating quickly, very slow
A: fangs 3, see invisible, unbreathing
a: Minor Destruction, Lesser Servant of Makhleb, Major Destruction, Renounce
Religion, Evoke Flight


You were on level 1 of the Swamp.
You worshipped Makhleb.
Makhleb was greatly pleased with you.
You were full.

You visited 4 branches of the dungeon, and saw 15 of its levels.

You collected 554 gold pieces.
You spent 143 gold pieces at shops.

Inventory:

Missiles
 i - 10 tomahawks (quivered)
Armour
 c - a +0 ring mail
 d - a +2 pair of gloves
 g - a +1 ring mail of magic resistance (worn)
 B - a +2 chain mail of fire resistance
 D - a +2 helmet (worn)
 E - the +0 pair of gloves of the Thirteen Coins (worn) {+Fly Str+7}
   (You found it on level 2 of the Lair of Beasts)

   It affects your strength (+7).
   It lets you fly.
 G - a +1 chain mail of cold resistance
 I - the cursed +1 scale mail of the Tick {Int+6}
   (You found it on level 2 of the Lair of Beasts)

   It affects your intelligence (+6).
   It has a curse placed upon it.
Jewellery
 e - an uncursed ring of stealth
 j - an uncursed ring of magical power
 l - an uncursed ring of protection from cold
 n - an uncursed ring of stealth
 x - an amulet of guardian spirit (around neck)
 A - a +4 ring of slaying (left hand)
 C - a ring of protection from magic (right hand)
 H - an uncursed ring of protection from cold
 J - an uncursed amulet of magic regeneration
Wands
 a - a wand of polymorph (6/24)
 m - a wand of lightning (8/15)
 q - a wand of lightning (0/15)
 v - a wand of random effects (14/48)
 F - a wand of lightning (1/15)
 M - a wand of disintegration (7/24)
 O - a wand of enslavement (3/24)
 P - a wand of flame (24/48)
 Q - a wand of flame (14/48)
 T - a wand of flame (31/48)
 U - a wand of flame (11/48)
Scrolls
 f - a scroll of blinking
 w - 4 scrolls of teleportation
 z - a scroll of amnesia
 L - 2 scrolls of identify
 N - a scroll of noise
 R - a scroll of recharging {unknown}
Potions
 b - 38 potions of blood
 h - 2 potions of ambrosia {unknown}
 k - a potion of haste {unknown}
 o - a potion of lignification {unknown}
 p - 3 potions of degeneration {unknown}
 r - a potion of mutation {unknown}
 s - 6 potions of flight
 t - 3 potions of curing
 u - a potion of invisibility {unknown}
 S - a potion of resistance
Books
 y - a book of Air

   Spells                             Type                      Level
   a - Shock                          Conjuration/Air              1
   b - Swiftness                      Charms/Air                   2
   c - Static Discharge               Conjuration/Air              3
   d - Airstrike                      Air                          4
   e - Lightning Bolt                 Conjuration/Air              5
Miscellaneous
 V - a fan of gales


   Skills:
 * Level 8.4 Fighting
 * Level 7.5 Armour
 * Level 10.7 Dodging
 - Level 3.0 Stealth
 - Level 13.0 Unarmed Combat
 + Level 5.8 Invocations
 - Level 0.5 Evocations


You had 11 spell levels left.
You didn't know any spells.

Dungeon Overview and Level Annotations

Branches:
Dungeon (8/15)             Temple (1/1) D:6            Lair (5/6) D:8
  Swamp (1/4) Lair:4        Snake (0/4) Lair:3        Slime (0/5) Lair:5

Altars:
Ashenzari
Cheibriados
Dithmenos
Elyvilon
Fedhas
Gozag
Hepliaklqana
Kikubaaqudgha
Makhleb
Nemelex Xobeh
Okawaru
Qazlal
Ru
Sif Muna
Trog
Uskayaw
Vehumet
Xom
Yredelemnul
Zin
The Shining One
Jiyva

Shops:
D:4 !


Innate Abilities, Weirdness & Mutations

Your natural rate of healing is unusually fast.
You have razor-sharp teeth.
You have supernaturally acute eyesight. (SInv)
You can survive without breathing.


Message History

Press: ? - help, Shift-Dir - straight line, f/p - thorn hunter
Aim: a thorn hunter (lightly damaged, misshapen and mutated)
The thorn hunter resists with almost no effort.
Evoking this partially-identified wand wasted a few charges.
Your neqoxec gestures.
The thorn hunter hits you.
* * * LOW HITPOINT WARNING * * *
The thorn hunter hits you.
* * * LOW HITPOINT WARNING * * *
The thorn hunter fires a volley of thorns at you.
The volley of thorns misses you.
Your neqoxec disappears in a puff of smoke!
A swamp worm bursts forth from the water.
The swamp worm barely misses you. The swamp worm bites you!
* * * LOW HITPOINT WARNING * * *
You enter the shallow water.
Moving in this stuff is going to be slow.
The thorn hunter hits you!
You die...

≈,**≈≈≈≈≈,*.≈≈≈..≈♣**♣♣♣♣≈≈≈≈.≈≈.
,**,≈≈≈≈≈.*♣.§...≈§♣♣♣≈♣.≈≈≈≈....
,*,≈≈≈≈≈≈§♣♣...≈..♣♣...(..≈≈≈5...
,*≈≈≈≈≈≈.♣........♣♣.≈....≈≈≈....
,≈*,≈≈≈≈.♣.≈.≈≈≈≈......≈≈≈5....≈♣
,***,,,,♣≈≈≈≈.≈≈≈≈≈≈..≈≈≈..♣♣♣≈♣♣
** ******♣.≈≈≈≈≈≈≈≈≈..≈≈..♣♣♣♣♣♣≈
♣♣.≈≈≈≈≈w.....≈≈§≈≈.≈≈♣♣♣
♣≈.≈≈.≈.@f§..≈≈≈≈≈≈.♣♣♣ ♣
♣♣≈<♣♣♣?≈≈...≈≈≈≈..≈♣ ♣♣♣♣
♣...≈≈≈≈≈≈..≈♣♣ ♣♣.≈§≈≈≈≈≈≈.§♣♣
*♣≈...≈≈≈≈≈.♣♣♣ ♣...♣.≈≈≈≈.≈♣
♣♣≈.♣.....≈♣♣ ♣≈.≈♣...♣♣♣♣ *
♣♣≈♣♣..≈♣ *


You could see a thorn hunter and a swamp worm.

Vanquished Creatures
  Rupert (Lair:4)
  A hydra (Lair:2)
  A two-headed ogre (D:6)
  A swamp dragon (Swamp:1)
  2 elephants (Lair:4)
  Joseph (D:7)
  7 spiny frogs
  4 komodo dragons
  7 blink frogs
  4 hippogriffs
  3 dream sheep (Lair:3)
  Sigmund (D:5)
  2 wyverns
  17 yaks
  5 insubstantial wisps (Lair:4)
  4 porcupines
  Duvessa (D:7)
  2 water moccasins
  4 orc warriors
  2 sky beasts
  2 phantoms (D:8)
  An ogre (D:6)
  2 centaurs
  4 crocodiles
  Dowan (D:7)
  6 bullfrogs
  2 killer bees (D:8)
  5 scorpions
  2 electric eels (Lair:4)
  3 howler monkeys
  3 crimson imps
  A quasit (D:8)
  5 hounds
  6 orc priests
  2 bullfrog skeletons
  A bullfrog zombie (D:7)
  A centaur skeleton (D:8)
  Jessica (D:3)
  An iguana (D:8)
  4 hell rats (Lair:4)
  7 worker ants
  7 orc wizards
  2 hound skeletons
  A worker ant zombie (D:8)
  A howler monkey zombie (D:6)
  11 adders
  A shadow imp (D:8)
  2 oozes
  5 worms
  2 dart slugs (D:2)
  4 leopard geckos
  21 orcs
  A ball python (D:3)
  8 bats
  6 giant cockroaches
  8 goblins
  7 hobgoblins
  13 jackals
  4 quokkas
  6 frilled lizards
  6 kobolds
  A quokka zombie (D:6)
  5 rats
  A plant (D:8)
253 creatures vanquished.

Vanquished Creatures (collateral kills)
  An elephant (Lair:4)
  A torpor snail (Lair:2)
  3 blink frogs (Lair:2)
  4 dream sheep (Lair:3)
  A hippogriff (Lair:3)
  3 yaks
  A crocodile (Lair:2)
  4 killer bees (D:8)
  A plant (Lair:3)
19 creatures vanquished.

Vanquished Creatures (others)
  3 fungi
  3 plants
6 creatures vanquished.

Grand Total: 278 creatures vanquished

Notes
Turn   | Place    | Note
-------+----------+-------------------------------------------
     0 | D:1      | Timinator the Vampire Monk began the quest for the Orb.
     0 | D:1      | Reached XP level 1. HP: 17/17 MP: 1/1
    39 | D:1      | Reached XP level 2. HP: 7/23 MP: 2/2
   350 | D:1      | Reached XP level 3. HP: 23/29 MP: 3/3
   684 | D:2      | Reached skill level 4 in Unarmed Combat
   845 | D:2      | Reached skill level 1 in Armour
   952 | D:2      | Reached XP level 4. HP: 27/35 MP: 4/4
  1220 | D:3      | Noticed Jessica
  1245 | D:3      | Killed Jessica
  1267 | D:3      | Reached XP level 5. HP: 31/41 MP: 5/5
  1855 | D:3      | Found a blossoming altar of Fedhas.
  2002 | D:4      | Reached skill level 5 in Dodging
  2064 | D:4      | Found Kollej's Distillery.
  2075 | D:4      | Bought a potion of berserk rage for 65 gold pieces
  2075 | D:4      | Bought a potion of curing for 39 gold pieces
  2075 | D:4      | Bought a potion of curing for 39 gold pieces
  2094 | D:4      | Reached XP level 6. HP: 47/47 MP: 6/6
  2529 | D:4      | Reached skill level 5 in Unarmed Combat
  2562 | D:5      | Entered Level 5 of the Dungeon
  2713 | D:5      | Noticed Sigmund
  2722 | D:5      | Killed Sigmund
  2722 | D:5      | Reached XP level 7. HP: 53/53 MP: 5/7
  2836 | D:5      | Reached skill level 6 in Unarmed Combat
  3210 | D:6      | Reached skill level 7 in Unarmed Combat
  3285 | D:6      | Reached XP level 8. HP: 24/61 MP: 4/8
  3299 | D:6      | Found a staircase to the Ecumenical Temple.
  3305 | Temple   | Entered the Ecumenical Temple
  3389 | Temple   | Became a worshipper of Makhleb the Destroyer
  3389 | Temple   | Reached * piety under Makhleb
  3389 | Temple   | Reached ** piety under Makhleb
  3814 | D:6      | Reached skill level 1 in Invocations
  4156 | D:7      | Noticed Duvessa
  4162 | D:7      | Noticed Dowan
  4171 | D:7      | Killed Duvessa
  4171 | D:7      | Reached skill level 8 in Unarmed Combat
  4175 | D:7      | Killed Dowan
  4194 | D:7      | Noticed Joseph
  4231 | D:7      | Killed Joseph
  4231 | D:7      | Reached skill level 5 in Fighting
  4233 | D:7      | Reached XP level 9. HP: 55/68 MP: 5/10
  4639 | D:7      | Reached skill level 9 in Unarmed Combat
  4738 | D:8      | Noticed a two-headed ogre
  5066 | D:6      | HP: 1/68 [two-headed ogre/giant club (9)]
  5249 | D:6      | Killed a two-headed ogre
  5737 | D:7      | Reached *** piety under Makhleb
  5964 | D:8      | Reached skill level 10 in Unarmed Combat
  6022 | D:8      | Reached XP level 10. HP: 69/76 MP: 12/12
  6128 | D:8      | Reached skill level 5 in Armour
  6306 | D:8      | Found a staircase to the Lair.
  6348 | Lair:1   | Entered Level 1 of the Lair of Beasts
  6348 | Lair:1   | Noticed a spiny frog
  6646 | Lair:1   | Killed a spiny frog
  6646 | Lair:1   | Reached skill level 5 in Invocations
  6715 | Lair:1   | Noticed a spiny frog
  6735 | Lair:1   | Killed a spiny frog
  7271 | Lair:1   | Reached XP level 11. HP: 42/84 MP: 6/14
  7339 | Lair:2   | Noticed a four-headed hydra
  7352 | Lair:2   | Killed a four-headed hydra
  7398 | Lair:2   | Reached skill level 11 in Unarmed Combat
  7514 | Lair:2   | Reached **** piety under Makhleb
  7531 | Lair:2   | Got a pair of heavily runed gloves
  7542 | Lair:2   | Identified the cursed +0 pair of gloves of the Thirteen Coins {+Fly Str+7} (You found it on level 2 of the Lair of Beasts)
  7733 | Lair:2   | Got a distressingly furry scale mail
  7746 | Lair:2   | You fall through a shaft for 2 floors!
  7866 | Lair:4   | Found a staircase to the Swamp.
  7989 | Lair:4   | Noticed Rupert
  8002 | Lair:4   | Killed Rupert
  8002 | Lair:4   | Reached skill level 10 in Dodging
  8002 | Lair:4   | Reached skill level 12 in Unarmed Combat
  8191 | Lair:3   | Reached XP level 12. HP: 74/92 MP: 12/15
  8356 | Lair:3   | Reached skill level 13 in Unarmed Combat
  8393 | Lair:3   | Identified the cursed +1 scale mail of the Tick {Int+6} (You found it on level 2 of the Lair of Beasts)
  8402 | Lair:3   | Found a staircase to the Snake Pit.
  8449 | Lair:3   | Noticed a death yak
  8449 | Lair:3   | Noticed a death yak
  8449 | Lair:3   | Noticed a death yak
  8449 | Lair:3   | Noticed a death yak
  9130 | Lair:5   | Found a staircase to the Slime Pits.
  9130 | Lair:5   | Found a viscous altar of Jiyva.
  9208 | Swamp:1  | Entered Level 1 of the Swamp
  9262 | Swamp:1  | Noticed a thorn hunter
  9291 | Swamp:1  | Slain by a thorn hunter

Skill      XL: |  1  2  3  4  5  6  7  8  9 10 11 12 |
---------------+-------------------------------------+-----
Fighting       | 3 4 5 7 8 |  8.4
Unarmed Combat | 4 5 7 8 10 12 13 | 13.0
Armour         | 1 2 3 4 6 7 |  7.5
Dodging        | 4 5 6 7 9 10 | 10.7
Invocations    | 2 3 5 |  5.8
Stealth        | |  3.0
Evocations     | |  0.5

Action                   |  1- 3 |  4- 6 |  7- 9 | 10-12 || total
-------------------------+-------+-------+-------+-------++-------
Melee: Unarmed           |   158 |   241 |   310 |   328 ||  1037
       Bite              |    12 |    24 |    44 |    49 ||   129
       Punch             |     2 |     5 |    10 |    18 ||    35
Throw: Tomahawk          |       |       |     7 |    30 ||    37
Invok: Minor Destruction |       |       |    11 |   121 ||   132
       Lesser Servant of |       |       |     1 |    12 ||    13
       Major Destruction |       |       |       |     1 ||     1
 Abil: End Transformatio |       |     1 |     6 |       ||     7
       Bat Form          |       |     1 |     6 |       ||     7
       Evoke Flight      |       |       |       |     1 ||     1
Evoke: Wand              |       |       |     5 |     7 ||    12
  Use: Potion            |     2 |     5 |     9 |    13 ||    29
       Scroll            |     3 |     2 |     8 |    17 ||    30
 Stab: Sleeping          |     2 |     7 |     5 |     1 ||    15
       Distracted        |       |       |       |     5 ||     5
  Eat: Corpse            |     5 |     3 |    12 |     7 ||    27
Armor: Robe              |     9 |     9 |       |       ||    18
       Ring mail         |    19 |    50 |    37 |    76 ||   182
       Chain mail        |       |       |    47 |       ||    47
Dodge: Dodged            |    84 |   136 |   164 |   191 ||   575
